Map: Arctic Dream LE

Players

Massa

  • Race: Terran Terran
  • League: Platinum
  • Spawn Location: 11:00

qqq

  • Race: Protoss Protoss
  • League: Platinum
  • Spawn Location: 12:00

Goldensands - Winner!

  • Race: Terran Terran
  • Spawn Location: 6:00

Baderling - Winner!

  • Race: Zerg Zerg
  • League: Platinum
  • Spawn Location: 5:00

VOD

Have the link to the VOD?

Description

Time

  • Played on: Jan. 1, 2021, 2:46 p.m.
  • Length: 11:22
Show
View Real Time Build Order
Export as new Build Order

Massa Terran 

Build Orders:  

Get SALT Encoding   

  12  0:00  SCV  
  13  0:12  SCV  
  14  0:17  Supply Depot  
  14  0:24  SCV  
  15  0:39  SCV  
  15  0:40  Barracks  
  16  0:47  Refinery  
  16  0:51  SCV  
  17  1:03  SCV  
  18  1:15  SCV  
  19  1:27  SCV  
  19  1:29  Marine  
  21  1:40  Command Center  
  21  2:01  Orbital Command  
  21  2:03  Reaper  
  21  2:22  Command Center  
  21  2:27  SCV  
  22  2:35  Marine  
  23  2:38  Barracks  
  23  2:52  SCV  
  23  2:58  Factory  
  24  3:03  Barracks Tech Lab  
  24  3:06  Supply Depot  
  24  3:30  Orbital Command  
  24  3:32  SCV  
  24  3:34  Marauder  
  27  3:35  Stimpack  
  27  3:40  Orbital Command  
  27  3:44  SCV  
  27  3:46  Refinery  
  28  3:53  Marine  
  28  3:55  Marauder  
  31  3:56  SCV  
  31  3:58  Factory Tech Lab  
  31  4:03  SCV  
  31  4:08  SCV  
  33  4:11  Marine  
  33  4:15  SCV  
  33  4:16  Starport  
  35  4:23  Marauder  
  37  4:27  Refinery  
  37  4:30  Barracks Reactor  
  37  4:35  SCV x3  
  40  4:44  Marauder  
  40  4:45  Widow Mine  
  44  4:55  SCV x3  
  47  5:03  Supply Depot  
  47  5:05  Marauder  
  47  5:06  Supply Depot  
  51  5:07  Widow Mine, SCV x2  
  51  5:08  SCV  
  54  5:15  Medivac  
  54  5:16  Medivac  
  54  5:20  Concussive Shells  
  58  5:26  SCV x3  
  58  5:27  Marauder  
  58  5:28  Supply Depot  
  63  5:32  Refinery  
  63  5:34  Engineering Bay  
  63  5:37  Armory  
  63  5:38  SCV x3  
  66  5:47  Siege Tank  
  69  5:59  Marauder  
  69  6:00  Barracks Reactor  
  71  6:06  SCV  
  71  6:07  SCV x2  
  71  6:09  Barracks  
  74  6:12  Barracks  
  74  6:13  Barracks  
  74  6:18  SCV  
  74  6:19  SCV x2  
  74  6:20  Siege Tank  
  74  6:21  Missile Turret  
  80  6:31  SCV  
  61  6:48  Viking, Medivac  
  61  6:51  Marauder, Marine x2  
  61  6:53  SCV x2  
  71  7:05  Orbital Command, SCV x2  
  73  7:09  Marine x2  
  73  7:12  Marauder  
  77  7:16  Barracks Tech Lab x2  
  77  7:17  Barracks Reactor  
  77  7:18  Command Center  
  77  7:20  SCV x2  
  79  7:26  Marine  
  80  7:32  SCV x2, Marine  
  80  7:34  Marauder  
  80  7:35  Combat Shield  
  85  7:37  Drilling Claws  
  85  7:49  Supply Depot  
  85  8:10  SCV, Marine x3, Medivac x2  
  85  8:11  Sensor Tower  
  93  8:26  Refinery  
  93  8:29  SCV x2, Marine x4  
  93  8:30  Marauder x3  
  93  8:33  SCV  
  106  8:39  Refinery  
  106  8:41  SCV x2  
  106  8:43  Terran Infantry Weapons Level 1  
  106  8:44  Terran Vehicle Weapons Level 1  
  108  8:49  Engineering Bay  
  108  9:17  Armory  
  108  9:22  Factory  
  108  9:27  Factory  
  108  9:36  Starport  
  108  9:40  Starport  
  108  9:49  Planetary Fortress  
  108  9:56  Missile Turret  
  108  9:57  Missile Turret  
  108  10:06  Command Center  
  108  10:08  Command Center  
  108  10:13  Factory Tech Lab x2  
  108  10:20  Missile Turret  
  108  10:26  Supply Depot x2  
  108  10:27  Supply Depot x2  
  108  10:28  Supply Depot  
  108  10:29  Starport Tech Lab, Starport Reactor  
  108  10:47  Marine x2  
  108  10:48  SCV x3, Marauder x2, Marine x2, Siege Tank x2  
  108  10:49  SCV, Marauder, Siege Tank  
  131  10:50  Supply Depot  
  131  10:53  Supply Depot x2  
  131  10:54  Supply Depot  
  131  10:56  Supply Depot  
  131  11:00  SCV x3  
  131  11:01  SCV  
  119  11:16  Supply Depot  
  107  11:20  Supply Depot x2  
  107  11:22  Supply Depot  
Show
View Real Time Build Order
Export as new Build Order

qqq Protoss 

Build Orders: Carriers 

Get SALT Encoding   

  12  0:00  Probe  
  13  0:12  Probe  
  14  0:20  Pylon  
  14  0:26  Probe  
  15  0:39  Forge  
  16  0:42  Probe  
  16  1:05  Pylon  
  16  1:13  Pylon  
  16  1:21  Probe  
  17  1:33  Probe  
  17  1:37  Photon Cannon  
  18  1:46  Photon Cannon  
  18  1:49  Pylon  
  18  1:50  Probe  
  19  2:02  Probe  
  20  2:08  Photon Cannon  
  20  2:18  Probe  
  21  2:32  Photon Cannon  
  21  2:33  Probe  
  21  2:34  Nexus  
  22  2:49  Assimilator  
  22  2:54  Assimilator  
  22  3:12  Gateway  
  22  3:18  Probe  
  23  3:30  Probe  
  24  3:42  Probe (Chrono Boost), Photon Cannon  
  26  3:52  Probe x2 (Chrono Boost)  
  27  3:56  Pylon  
  27  3:57  Probe (Chrono Boost)  
  27  3:58  Probe  
  29  4:09  Probe  
  30  4:10  Probe  
  30  4:15  Cybernetics Core  
  31  4:21  Probe  
  31  4:22  Probe  
  32  4:26  Assimilator  
  32  4:29  Assimilator  
  32  4:33  Probe  
  32  4:34  Probe, Pylon  
  34  4:45  Probe  
  35  4:46  Probe  
  36  4:57  Probe  
  36  4:58  Probe  
  38  5:05  Stargate  
  38  5:06  Pylon  
  38  5:08  Pylon  
  38  5:09  Probe  
  38  5:10  Stargate  
  38  5:11  Probe, Pylon  
  40  5:18  Stalker (Chrono Boost)  
  41  5:41  Probe x2  
  43  5:44  Pylon  
  43  5:47  Pylon  
  43  5:53  Probe  
  45  5:59  Void Ray  
  44  6:04  Fleet Beacon  
  44  6:06  Probe, Phoenix  
  51  6:12  Photon Cannon  
  51  6:13  Nexus  
  51  6:16  Photon Cannon  
  51  6:18  Protoss Air Weapons Level 1  
  51  6:21  Shield Battery  
  51  6:22  Photon Cannon  
  51  6:29  Photon Cannon  
  51  6:39  Phoenix  
  53  7:03  Nexus  
  53  7:04  Carrier  
  53  7:06  Pylon  
  59  7:10  Pylon  
  59  7:25  Carrier  
  65  7:30  Probe (Chrono Boost)  
  66  7:42  Probe (Chrono Boost), Photon Cannon  
  67  7:46  Photon Cannon  
  67  7:48  Probe (Chrono Boost)  
  67  7:49  Shield Battery  
  68  7:53  Shield Battery  
  68  7:56  Probe, Photon Cannon  
  69  8:08  Probe, Carrier  
  76  8:20  Probe  
  77  8:29  Carrier  
  77  8:31  Robotics Facility  
  77  8:32  Probe  
  84  8:38  Protoss Air Armor Level 1 (Chrono Boost)  
  84  8:39  Assimilator  
  84  8:40  Probe  
  85  8:43  Assimilator  
  85  8:44  Probe  
  86  8:52  Probe  
  87  8:56  Probe  
  88  9:04  Probe  
  88  9:09  Probe  
  90  9:12  Tempest  
  90  9:16  Probe (Chrono Boost)  
  96  9:23  Observer  
  97  9:26  Probe (Chrono Boost)  
  97  9:28  Probe (Chrono Boost)  
  99  9:33  Carrier  
  99  9:36  Probe (Chrono Boost)  
  99  9:37  Probe (Chrono Boost)  
  107  9:41  Probe (Chrono Boost)  
  107  9:43  Probe  
  107  9:44  Observer  
  118  9:48  Assimilator  
  118  9:51  Assimilator  
  118  9:52  Probe  
  119  9:55  Probe  
  120  10:00  Pylon  
  120  10:03  Pylon  
  120  10:04  Probe  
  120  10:06  Pylon  
  121  10:11  Pylon  
  121  10:14  Pylon  
  121  10:17  Pylon  
  121  10:18  Carrier  
  121  10:20  Pylon  
  127  10:22  Pylon  
Show
View Real Time Build Order
Export as new Build Order

Goldensands Terran - Winner!

Build Orders: Reaper Expand 

Get SALT Encoding   

  12  0:01  SCV  
  13  0:13  SCV  
  14  0:18  Supply Depot  
  14  0:25  SCV  
  15  0:40  SCV  
  15  0:41  Barracks  
  16  0:50  Refinery  
  16  0:52  SCV  
  17  1:05  SCV  
  18  1:21  SCV  
  19  1:34  Reaper  
  19  1:35  Orbital Command  
  20  1:40  Command Center  
  20  2:10  SCV  
  21  2:15  Factory  
  21  2:22  SCV  
  22  2:25  Refinery  
  22  2:34  SCV  
  23  2:47  Supply Depot  
  23  2:50  Command Center  
  23  3:09  Factory Tech Lab, Marine, SCV  
  25  3:19  SCV  
  26  3:21  SCV  
  26  3:27  Marine  
  27  3:30  Bunker  
  27  3:31  Siege Tank  
  31  3:41  Orbital Command  
  31  3:44  SCV  
  32  3:57  Marine  
  32  3:58  SCV  
  34  4:04  Starport  
  34  4:06  Barracks  
  34  4:07  SCV  
  35  4:10  Orbital Command  
  35  4:17  Marine, Siege Tank  
  35  4:21  SCV x2  
  41  4:33  SCV x2  
  41  4:35  Marine  
  41  4:36  SCV, Engineering Bay  
  45  4:38  Engineering Bay  
  45  4:41  Medivac  
  45  4:45  SCV x2  
  49  4:48  SCV  
  49  4:50  Barracks  
  49  4:52  Marine  
  50  4:54  Barracks Tech Lab  
  50  4:57  SCV  
  52  5:00  Barracks  
  52  5:01  SCV x2  
  52  5:04  Terran Infantry Weapons Level 1  
  54  5:09  SCV  
  54  5:10  Marine  
  57  5:14  SCV x2  
  57  5:16  Terran Infantry Armor Level 1  
  57  5:18  Missile Turret  
  57  5:19  Missile Turret  
  57  5:21  Missile Turret  
  58  5:25  Siege Tank  
  61  5:37  SCV, Supply Depot  
  61  5:38  Barracks Reactor  
  61  5:40  SCV x2, Medivac  
  65  5:49  Bunker  
  65  5:51  SCV  
  65  5:52  SCV, Marine x2  
  65  5:53  Refinery  
  69  5:58  Marine  
  69  5:59  Bunker  
  69  6:03  SCV  
  71  6:05  Refinery  
  71  6:06  Siege Tank  
  71  6:08  SCV x2  
  71  6:10  Marine  
  77  6:26  Supply Depot  
  77  6:27  Supply Depot  
  77  6:28  Supply Depot  
  77  6:37  Marine  
  77  6:39  SCV x2, Marine x4, Medivac  
  77  6:45  SCV  
  76  6:51  SCV x2, Siege Tank  
  81  6:55  Marine  
  81  6:56  Marine x2  
  81  6:57  Barracks, Marine  
  81  6:58  Barracks, Command Center  
  81  7:00  Marine  
  86  7:03  Stimpack  
  86  7:10  Armory  
  86  7:12  Medivac  
  86  7:13  Marine  
  86  7:14  SCV x2, Marine x3  
  94  7:16  SCV  
  94  7:20  Refinery  
  94  7:22  Supply Depot  
  95  7:26  SCV x2  
  97  7:36  Missile Turret  
  97  7:37  Missile Turret  
  97  7:39  SCV x3, Missile Turret  
  97  7:40  Missile Turret  
  100  7:46  Medivac  
  100  7:48  Marine x3, Siege Tank  
  100  7:49  Marine  
  109  7:54  Marine x3  
  109  7:55  SCV x2, Supply Depot  
  109  7:57  Supply Depot  
  114  7:59  Supply Depot  
  114  8:02  SCV  
  114  8:05  Terran Infantry Weapons Level 2  
  115  8:06  Terran Infantry Armor Level 2, Marine  
  115  8:07  SCV  
  115  8:08  Supply Depot  
  117  8:13  Terran Vehicle Weapons Level 1  
  117  8:14  Marine x6  
  123  8:30  Marine  
  123  8:32  Marine x3  
  123  8:33  Marauder  
  129  8:36  Refinery, SCV, Sensor Tower  
  129  8:37  SCV  
  129  8:39  Marine x2  
  129  8:40  Siege Tank  
  136  8:46  Supply Depot  
  136  8:47  Supply Depot  
  136  8:48  Marine, Missile Turret  
  136  8:52  Marine  
  136  8:53  Marine  
  136  8:54  Starport Reactor, Marauder  
  141  8:58  Planetary Fortress  
  141  9:00  Missile Turret  
  141  9:03  Starport  
  141  9:04  SCV  
  141  9:05  SCV  
  143  9:16  Marauder  
  145  9:18  Marine x4  
  145  9:20  Thor  
  145  9:21  Missile Turret  
  155  9:25  Barracks Reactor  
  155  9:28  Factory  
  155  9:35  Missile Turret x2  
  155  9:37  SCV x2  
  157  9:42  Command Center  
  157  9:52  Marauder, Marine x3  
  161  9:59  Sensor Tower  
  161  10:02  Marine  
  161  10:03  Marine x3  
  161  10:04  Viking  
  161  10:05  Missile Turret, Viking  
  169  10:09  Starport Reactor  
  169  10:11  Factory Tech Lab  
  169  10:14  Missile Turret  
  169  10:15  Missile Turret  
  169  10:17  SCV x2  
  169  10:18  Missile Turret  
  171  10:22  Supply Depot  
  171  10:23  Supply Depot x3  
  171  10:25  Missile Turret  
  171  10:29  Marine x4  
  171  10:34  Viking  
  177  10:40  Missile Turret  
  180  10:43  Viking  
  180  10:45  Missile Turret  
  187  10:52  Marine x3  
Show
View Real Time Build Order
Export as new Build Order

Baderling Zerg - Winner!

Build Orders: 3 Hatch before Pool 

Get SALT Encoding   

  12  0:00  Drone  
  13  0:12  Overlord  
  13  0:18  Drone  
  14  0:36  Drone x2  
  14  0:37  Drone  
  17  0:48  Drone  
  18  1:00  Drone  
  18  1:04  Hatchery  
  18  1:10  Drone  
  19  1:29  Hatchery  
  18  1:35  Spawning Pool  
  18  1:38  Drone  
  18  2:19  Drone x4  
  22  2:29  Zergling x2  
  23  2:31  Zergling x2  
  24  2:42  Zergling x4  
  24  2:43  Queen  
  28  2:56  Zergling x4  
  23  3:11  Drone x2  
  24  3:24  Drone x4  
  28  3:36  Drone x4  
  32  3:51  Drone x2, Extractor  
  33  4:05  Spine Crawler  
  33  4:06  Drone  
  33  4:22  Overlord x4  
  33  4:30  Overlord  
  33  4:40  Queen  
  35  4:52  Drone x6  
  41  4:53  Drone x4  
  45  5:06  Drone x3  
  49  5:21  Drone x4  
  49  5:22  Drone  
  53  5:29  Drone  
  53  5:30  Drone x2  
  56  5:36  Extractor, Baneling Nest  
  56  5:39  Zergling x6  
  54  5:45  Spore Crawler  
  54  5:47  Spine Crawler  
  52  5:52  Queen, Zergling x6  
  57  6:05  Extractor  
  57  6:07  Zergling x6  
  57  6:10  Zergling x4  
  61  6:13  Zergling x2  
  61  6:15  Extractor  
  61  6:27  Drone x2  
  61  6:28  Drone  
  64  6:34  Lair  
  64  6:48  Metabolic Boost  
  64  6:51  Drone x2  
  64  6:52  Drone x3  
  69  6:57  Extractor  
  69  7:00  Extractor  
  67  7:14  Spore Crawler  
  64  7:16  Spore Crawler  
  64  7:18  Spore Crawler  
  57  7:27  Drone x4  
  57  7:29  Drone  
  57  7:37  Spire  
  57  7:40  Spore Crawler  
  57  7:43  Spore Crawler x2  
  53  7:45  Overlord  
  53  7:46  Overlord x4  
  53  8:11  Zergling x6  
  53  8:12  Zergling x16, Spire  
  63  8:13  Zergling x8  
  67  8:24  Hatchery  
  66  8:31  Drone  
  67  8:34  Drone x3  
  67  8:35  Hatchery, Drone x3  
  67  8:40  Overlord  
  67  8:41  Overlord x2  
  72  8:49  Corruptor x2, Zerg Flyer Weapons Level 1  
  72  8:50  Corruptor x3  
  82  9:01  Spore Crawler  
  82  9:02  Spore Crawler  
  80  9:05  Spore Crawler  
  80  9:07  Spore Crawler  
  80  9:09  Drone, Spore Crawler  
  78  9:10  Drone x5, Spore Crawler  
  78  9:12  Corruptor x2  
  78  9:13  Spore Crawler  
  85  9:23  Baneling Nest  
  84  9:28  Infestation Pit  
  83  9:43  Drone x3  
  83  9:45  Drone x6  
  92  9:48  Drone x5  
  92  9:51  Corruptor  
  99  9:56  Corruptor x2  
  103  10:04  Hive  
  103  10:10  Corruptor x3  
  103  10:13  Zergling x14  
  103  10:14  Zergling x4  
  118  10:15  Baneling x2  
  118  10:16  Baneling  
  115  10:35  Corruptor x2  
  115  10:43  Corruptor  
  115  10:44  Overlord x2  
  115  10:45  Overlord x2  
  115  10:48  Extractor x2  
Tags
 
Add a new tag
Caveats
  • Supply blocks, unpowered buildings, or Contaminate may cause inaccurate times.
  • Supply counts are checked every 10 seconds.